 Dungeon Crawl Stone Soup version 0.23.1 (webtiles) character file.

Game seed: 9987352085790148760

17021 Borgoz the Slicer (level 12, 0/101 HPs)
             Began as a Ghoul Monk on Mar 18, 2019.
             Was a Priest of Ashenzari.
             Slain by an ice devil (5 damage)
             ... in an ice cave.
             The game lasted 00:33:40 (13076 turns).

Borgoz the Slicer (Ghoul Monk)                     Turns: 13076, Time: 00:33:42

Health: 0/101      AC: 16    Str: 21    XL:     12   Next: 43%
Magic:  16/16      EV: 19    Int:  5    God:    Ashenzari [***...]
Gold:   890        SH:  0    Dex: 20    Spells: 7/17 levels left

rFire    + . .     SeeInvis +   a - +2 short sword (venom)
rCold    + . .     Gourm    .   (no shield)
rNeg     + + +     Faith    .   x - +2 chain mail {rF+}
rPois    ∞         Spirit   .   p - +1 helmet (curse)
rElec    .         Reflect  .   (no cloak)
rCorr    .         Harm     .   (no gloves)
MR       .....                  k - +0 pair of boots
Stlth    +++.......             (no amulet)
HPRegen  0.00/turn              r - ring of stealth
MPRegen  0.15/turn              (no ring)

@: mighty, agile, rotting
A: rotting body, claws 1, carnivore, cold resistance 1, negative energy
resistance 3, inhibited regeneration, torment resistance, unbreathing
a: Curse Item, Scrying, Renounce Religion


You were in an ice cave.
You worshipped Ashenzari.
Ashenzari was most pleased with you.
You were not hungry.

You visited 2 branches of the dungeon, and saw 12 of its levels.
You also visited: Ossuary and Ice Cave.

You collected 890 gold pieces.

Inventory:

Hand Weapons
 a - a +2 short sword of venom (weapon)
 b - a +0 blowgun
 h - a +1 dagger of venom
 u - a +4 short sword of freezing
 v - a +0 rapier
Missiles
 o - 26 poisoned needles
Armour
 e - a +0 ring mail
 k - a +0 pair of boots (worn)
 p - a cursed +1 helmet (worn)
 x - a +2 chain mail of fire resistance (worn)
 D - a +0 troll leather armour
Jewellery
 r - a ring of stealth (left claw)
Wands
 B - a wand of enslavement (12)
Scrolls
 g - 8 scrolls of teleportation
 i - 2 scrolls of magic mapping
 l - a scroll of identify
 w - 2 scrolls of enchant armour
Potions
 d - a potion of might
 j - 3 potions of brilliance
 m - 4 potions of magic
 q - a potion of resistance
Comestibles
 c - 26 rations


   Skills:
 + Level 7.9 Fighting
 * Level 9.2 Short Blades
 * Level 8.7 Armour
 * Level 9.1 Dodging
 + Level 8.2 Stealth
 + Level 3.3 Spellcasting
 * Level 3.7 Hexes
 + Level 2.5 Evocations


You had 7 spell levels left.
You knew the following spells:

 Your Spells              Type           Power        Failure   Level  Hunger
a - Confusing Touch       Hex            #.....       52%         1    ##.....
b - Confuse               Hex            #.......     87%         3    ####...
c - Invisibility          Hex            #.......     100%        6    #######

Your spell library contained the following spells:

 Spells                   Type           Power        Failure   Level  Hunger
 Tukima's Dance           Hex            #.......     87%         3    ####...
 Apportation              Tloc           #.....       95%         1    ##.....
 Magic Dart               Conj           #...         95%         1    ##.....
 Summon Butterflies       Summ           #.......     95%         1    ##.....
 Summon Small Mammal      Summ           #...         95%         1    ##.....
 Dazzling Spray           Conj/Hex       #.....       98%         3    ####...
 Summon Guardian Golem    Hex/Summ       #.......     98%         3    ####...
 Call Imp                 Summ           #.......     99%         2    ###....
 Searing Ray              Conj           #.....       99%         2    ###....
 Call Canine Familiar     Summ           #.......     100%        3    ####...
 Gell's Gravitas          Tloc           #.........   100%        3    ####...
 Lesser Beckoning         Tloc           #.........   100%        3    ####...
 Force Lance              Conj/Tloc      #.......     100%        4    #####..
 Fulminant Prism          Conj/Hex       #.........   100%        4    #####..
 Iskenderun's Mystic Bla  Conj           #.......     100%        4    #####..
 Petrify                  Tmut/Erth      #.......     100%        4    #####..
 Summon Ice Beast         Ice/Summ       #.......     100%        4    #####..
 Summon Lightning Spire   Summ/Air       #.......     100%        4    #####..
 Alistair's Intoxication  Tmut/Pois      #.......     100%        5    ######.
 Metabolic Englaciation   Hex/Ice        #.........   100%        5    ######.
 Yara's Violent Unravell  Hex/Tmut       #.........   100%        5    ######.


Dungeon Overview and Level Annotations

Branches:
Dungeon (11/15)            Temple (1/1) D:4            Lair (0/6) D:10
    Orc (0/2) D:10

Altars:
Ashenzari
Cheibriados
Dithmenos
Elyvilon
Fedhas
Gozag
Hepliaklqana
Kikubaaqudgha
Makhleb
Nemelex Xobeh
Okawaru
Qazlal
Ru
Trog
Uskayaw
Vehumet
Wu Jian
Zin
The Shining One

Shops:
D:10 [


Innate Abilities, Weirdness & Mutations

Your body is rotting away.
You thrive on raw meat.
You are immune to poison.
You have sharp fingernails.
You are carnivorous and can eat meat at any time.
Your flesh is cold resistant. (rC+)
You are immune to negative energy. (rN+++)
You do not regenerate when monsters are visible.
You are immune to unholy pain and torment.
You can survive without breathing.


Message History

The ice devil freezes you. You resist.
* * * LOW HITPOINT WARNING * * *
You hit the ice devil.
The ice devil is moderately wounded.
You puncture the ice devil!
The ice devil looks as sick as possible!
The ice devil is severely wounded.
The ice devil closely misses you.
You barely miss the ice devil.
The ice devil is severely wounded.
The ice devil completely misses you.
You hit the ice devil.
The ice devil is almost dead.
You hit the ice devil.
The ice devil looks as sick as possible!
The ice devil is almost dead.
The ice devil hits you.
* * * LOW HITPOINT WARNING * * *
The ice devil freezes you. You resist.
You die...

* * ..#* ...,
...., , .....{
####
.....#*######..##
*
......##..##....##
*, ,
.................#
+ ,
........4@...∩∩..#
, ,
........##.......#
,
......######....##
, .....#* ##..##
.....{* #### ,
.... ,..., * , ..#


You could see an ice devil.

Vanquished Creatures
  Harold (D:8)
  Erica (D:8)
  2 two-headed ogres
  A queen ant (D:10)
  An unseen horror (D:11)
  Joseph (D:7)
  2 rime drakes (D:11)
  2 centaur skeletons
  A gargoyle (D:9)
  An ice devil (IceCv)
  3 trolls
  A hippogriff (D:8)
  12 yaks
  A vampire (D:11)
  A human (D:8)
  2 hogs (D:8)
  A hungry ghost (D:10)
  18 soldier ants
  An acid dragon (D:10)
  3 orc warriors
  A hornet zombie (D:8)
  2 ice beasts
  A sky beast (D:9)
  2 black bears
  3 phantoms
  2 wolves (D:10)
  3 centaurs
  5 ogres
  2 necrophages
  3 big kobolds
  2 bullfrogs (D:8)
  A gnoll sergeant (D:8)
  A wyvern skeleton (D:7)
  8 scorpions
  4 killer bees (D:10)
  5 wights (D:7)
  3 howler monkeys
  2 electric eels (D:10)
  4 crimson imps
  3 bullfrog zombies
  5 jellies
  8 hounds
  7 orc wizards
  7 orc priests
  5 iguanas
  A bullfrog skeleton (D:11)
  31 worker ants
  A killer bee zombie (D:7)
  A hound skeleton (D:7)
  8 mummies (Ossuary)
  A worker ant zombie (D:8)
  8 gnolls
  15 adders
  A shadow imp (D:6)
  3 oozes
  2 adder skeletons
  An adder zombie (D:5)
  4 worms
  A dart slug (D:2)
  3 leopard geckos
  28 orcs
  A ball python (D:1)
  12 bats
  3 giant cockroaches
  A gnoll zombie (Ossuary)
  9 hobgoblins
  16 jackals
  3 quokkas
  8 frilled lizards
  7 goblins
  A hobgoblin zombie (Ossuary)
  A jackal skeleton (D:9)
  12 kobolds
  4 kobold zombies (Ossuary)
  2 orc zombies (Ossuary)
  2 quokka skeletons
  A quokka zombie (D:8)
  11 rats
348 creatures vanquished.

Vanquished Creatures (others)
  A soldier ant (D:10)
1 creature vanquished.

Grand Total: 349 creatures vanquished

Notes
Turn   | Place    | Note
-------+----------+-------------------------------------------
     0 | D:1      | Borgoz the Ghoul Monk began the quest for the Orb.
     0 | D:1      | Reached XP level 1. HP: 19/19 MP: 0/0
   204 | D:1      | Reached XP level 2. HP: 11/26 MP: 1/1
   437 | D:1      | Reached skill level 1 in Armour
   465 | D:1      | Reached XP level 3. HP: 23/31 MP: 2/2
  1130 | D:2      | Found an ancient bone altar of Kikubaaqudgha.
  1228 | D:2      | Reached XP level 4. HP: 36/38 MP: 3/3
  1297 | D:2      | Reached XP level 5. HP: 35/45 MP: 4/4
  1874 | D:3      | Found a bloodstained altar of Trog.
  1885 | D:3      | Found a shadowy altar of Dithmenos.
  1943 | D:3      | Found a shattered altar of Ashenzari.
  1947 | D:3      | Found a sacrificial altar of Ru.
  1951 | D:3      | Found a burning altar of Makhleb.
  1954 | D:3      | Found a sparkling altar of Nemelex Xobeh.
  1956 | D:3      | Became a worshipper of Ashenzari the Shackled
  1956 | D:3      | Reached * piety under Ashenzari
  1956 | D:3      | Reached ** piety under Ashenzari
  2113 | D:3      | Found a faded altar of an unknown god.
  2314 | D:4      | Found a staircase to the Ecumenical Temple.
  2334 | Temple   | Entered the Ecumenical Temple
  2577 | D:4      | Reached XP level 6. HP: 52/52 MP: 5/5
  2600 | D:4      | HP: 1/52 [iguana (11)]
  3404 | D:4      | Reached XP level 7. HP: 52/59 MP: 6/6
  3548 | D:4      | Found a hazy altar of Hepliaklqana.
  3741 | D:5      | Entered Level 5 of the Dungeon
  4097 | D:5      | Reached XP level 8. HP: 65/65 MP: 7/7
  4150 | D:5      | Found a sand-covered staircase.
  4155 | Ossuary  | Entered an ossuary
  4446 | Ossuary  | Reached skill level 5 in Dodging
  4848 | D:5      | Reached skill level 5 in Short Blades
  4887 | D:5      | Found a stormy altar of Qazlal.
  4932 | D:5      | Found a hide-covered altar of Uskayaw.
  5427 | D:6      | Reached skill level 5 in Fighting
  5546 | D:6      | Reached skill level 5 in Stealth
  6224 | D:6      | Reached skill level 5 in Armour
  6224 | D:6      | Reached XP level 9. HP: 74/74 MP: 8/8
  6928 | D:7      | Reached *** piety under Ashenzari
  7520 | D:7      | Noticed Joseph
  7552 | D:7      | Killed Joseph
  8061 | D:8      | Noticed Erica
  8096 | D:8      | Killed Erica
  8096 | D:8      | Reached XP level 10. HP: 45/83 MP: 9/9
  8194 | D:8      | Noticed Harold
  8228 | D:8      | Killed Harold
  9030 | D:9      | Noticed a two-headed ogre
  9052 | D:9      | Killed a two-headed ogre
  9052 | D:9      | Reached XP level 11. HP: 22/90 MP: 10/10
  9063 | D:8      | Learned a level 1 spell: Confusing Touch
  9067 | D:8      | Learned a level 3 spell: Confuse
  9309 | D:10     | Entered Level 10 of the Dungeon
  9584 | D:9      | Reached skill level 1 in Hexes
  9716 | D:9      | Reached skill level 1 in Spellcasting
  9733 | D:9      | Learned a level 6 spell: Invisibility
 10156 | D:9      | Noticed a lindwurm
 10201 | D:9      | Noticed a lindwurm
 10201 | D:9      | Noticed a lindwurm
 10401 | D:9      | Reached skill level 1 in Evocations
 10425 | D:9      | Noticed a lindwurm
 10464 | D:9      | HP: 4/92 [orc warrior/+0 dire flail (13)]
 10768 | D:10     | Noticed a two-headed ogre
 10795 | D:10     | Killed a two-headed ogre
 11176 | D:10     | Found a staircase to the Lair.
 11406 | D:10     | Found Qaijari's Antique Armour Shoppe.
 11420 | D:10     | Noticed a queen ant
 12003 | D:10     | Reached XP level 12. HP: 81/100 MP: 15/15
 12167 | D:10     | Killed a queen ant
 12251 | D:10     | Found a staircase to the Orcish Mines.
 12992 | D:11     | Found a frozen archway.
 13013 | IceCv    | Entered an ice cave
 13076 | IceCv    | HP: 5/101 [ice devil (6)]
 13076 | IceCv    | Slain by an ice devil

Skill      XL: |  1  2  3  4  5  6  7  8  9 10 11 12 |
---------------+-------------------------------------+-----
Dodging        | 3 4 5 7 8 9 |  9.1
Armour         | 1 2 3 5 6 7 8 |  8.7
Short Blades   | 3 4 5 7 8 9 |  9.2
Stealth        | 3 4 5 6 7 8 |  8.2
Fighting       | 4 5 6 7 |  7.9
Hexes          | 3 |  3.7
Spellcasting   | 2 3 |  3.3
Evocations     | 1 2 |  2.5

Action                   |  1- 3 |  4- 6 |  7- 9 | 10-12 || total
-------------------------+-------+-------+-------+-------++-------
Melee: Short sword       |    83 |    96 |   626 |  1073 ||  1878
       Dagger            |    61 |   115 |       |       ||   176
Throw: Throwing net      |       |       |       |     1 ||     1
Invok: Curse Item        |       |       |     1 |       ||     1
Evoke: Wand              |       |       |       |     3 ||     3
  Use: Scroll            |       |     6 |     8 |     4 ||    18
       Potion            |       |       |     2 |    13 ||    15
 Stab: Sleeping          |     1 |     3 |     3 |     4 ||    11
       Held in net/web   |       |       |       |     1 ||     1
       Distracted        |       |       |       |     2 ||     2
       Invisible         |       |       |       |     1 ||     1
  Eat: Chunk             |    11 |    17 |    36 |    87 ||   151
Armor: Robe              |    21 |       |       |       ||    21
       Ring mail         |    30 |    77 |    58 |       ||   165
       Chain mail        |       |       |   131 |   354 ||   485
Dodge: Dodged            |    92 |   135 |   252 |   383 ||   862
